 Dungeon Crawl Stone Soup version 0.32-a0-38-gb04dd89b9b (webtiles) character file.

Game seed: 13712573138603850653

59 DiggyJ the Cutter (level 3, -1/27 HPs)
             Began as a Vampire Gladiator on Jan 23, 2024.
             Slain by a gnoll
             ... wielding a +0 spear
              (4 damage)
             ... on level 2 of the Dungeon.
             The game lasted 00:02:46 (1194 turns).

DiggyJ the Cutter (Vampire Gladiator)               Turns: 1194, Time: 00:02:47

Health: -1/27      AC:  8    Str: 13    XL:     3   Next: 78%
Magic:  3/3        EV: 13    Int: 10    God:
Gold:   56         SH:  0    Dex: 17    Spells: 2/2 levels left

rFire   . . .        a - +0 rapier
rCold   . . .        (no shield)
rNeg    . . .        b - +0 leather armour
rPois   .            c - +0 helmet
rElec   .            (no cloak)
rCorr   .            (no gloves)
SInv    +            (no boots)
Will    .....        (no amulet)
Stlth   ++           g - +4 ring of protection
HPRegen 0.44/turn    (no ring)
MPRegen 0.08/turn

%: no passive effects
@: healing quickly
A: alive, fangs 3, see invisible, vampiric 2
a: Exsanguinate


You were on level 2 of the Dungeon.
You visited 1 branch of the dungeon, and saw 2 of its levels.

You collected 56 gold pieces.

Inventory:

Hand Weapons
 a - a +0 rapier (weapon)
Missiles
 d - 3 throwing nets (quivered)
 e - a javelin
Armour
 b - a +0 leather armour (worn)
 c - a +0 helmet (worn)
Jewellery
 g - a +4 ring of protection (left hand)
 j - a +5 ring of evasion
Wands
 p - a wand of mindburst (18)
Scrolls
 i - a scroll of poison {unknown}
 l - 3 scrolls of teleportation {unknown}
 n - a scroll of blinking {unknown}
 o - a scroll of vulnerability {unknown}
Potions
 f - a potion of heal wounds {unknown}
 h - 2 potions of curing {unknown}
 k - 2 potions of degeneration {unknown}
 m - a potion of might {unknown}


   Skills:
 + Level 2.2 Fighting
 + Level 4.0 Short Blades
 + Level 1.6 Throwing
 + Level 0.7 Armour
 + Level 3.9 Dodging
 + Level 1.0 Stealth


You had 2 spell levels left.
You didn't know any spells.
Your spell library was empty.

Dungeon Overview and Level Annotations

Branches:
Dungeon (2/15)

Altars:


Innate Abilities, Weirdness & Mutations

Your natural rate of healing is accelerated.
You have razor-sharp teeth.
You have supernaturally acute eyesight. (SInv)
You are afflicted with vampirism and can become a bat while bloodless.


Message History

The gnoll barely misses you. The gnoll completely misses you.
You closely miss the gnoll.
The gnoll is moderately wounded.
The gnoll closely misses you.
The gnoll hits you from afar with a +0 spear.
You hit the gnoll.
The gnoll is almost dead.
The gnoll hits you but does no damage. The gnoll hits you with a +0 flail.
You hit the gnoll.
You kill the gnoll!
The gnoll hits you but does no damage.
Your Short Blades skill increases to level 4!
Your Stealth skill increases to level 1!
You hit the rat.
You kill the rat!
The gnoll misses you. The gnoll barely misses you.
Items here: )) ††.
You closely miss the gnoll. The gnoll hits you but does no damage.
You hit the gnoll.
The gnoll is lightly wounded.
The gnoll hits you with a +0 spear.
You closely miss the gnoll.
The gnoll is lightly wounded.
The gnoll barely misses you.
You hit the gnoll.
The gnoll is moderately wounded.
The gnoll hits you with a +0 spear.
* * * LOW HITPOINT WARNING * * *
You hit the gnoll but do no damage. Your bite misses the gnoll.
The gnoll is moderately wounded.
The gnoll hits you with a +0 spear.
* * * LOW HITPOINT WARNING * * *
You hit the gnoll.
The gnoll is heavily wounded.
The gnoll misses you.
You hit the gnoll.
The gnoll is severely wounded.
The gnoll hits you with a +0 spear.
You die...

#.##.......[...#
......####.###.#
#.##..# #.# #.#
## #.##>.# #.#
#.# .. ......#
#.# #.# .#
#.###.# #.# #.#
.# #....... ..#
#.# .#
#...........
#.##.###.##
###########
#."@g...!..
#####.##### ..
##


You could see a gnoll.

Vanquished Creatures
  2 gnolls (D:2)
  A ribbon worm (D:2)
  9 ball pythons
  3 endoplasms (D:1)
  4 giant cockroaches
  A goblin (D:1)
  3 hobgoblins
  3 kobolds (D:1)
  A quokka (D:1)
  4 bats (D:1)
  3 rats
34 creatures vanquished.

Notes
Turn   | Place    | Note
-------+----------+-------------------------------------------
     0 | D:1      | DiggyJ the Vampire Gladiator began the quest for the Orb.
     0 | D:1      | Reached XP level 1. HP: 16/16 MP: 1/1
     6 | D:1      | Noticed an anaconda
     6 | D:1      | Noticed a five-headed hydra
     7 | D:1      | Noticed a boulder beetle
     7 | D:1      | Noticed a black bear
   142 | D:1      | Reached XP level 2. HP: 4/22 MP: 2/2
   671 | D:1      | Gained mutation: You are afflicted with vampirism and can
                  | become a bat while bloodless. [Vampire growth]
   671 | D:1      | Reached XP level 3. HP: 22/27 MP: 3/3
  1186 | D:2      | Reached skill level 4 in Short Blades
  1186 | D:2      | Reached skill level 1 in Stealth
  1194 | D:2      | Slain by a gnoll

Illustrated notes

Levels and vault maps discovered:
D:1:      onia_arrival_zoo_common, layout_basic
D:2:      layout_loops_ring, shapermc_ecumenical_altar_flowoftime

Skill      XL: |  1  2  3 |
---------------+----------+-----
Fighting       | 2 |  2.2
Short Blades   | 4 |  4.0
Stealth        | 1 |  1.0
Throwing       | |  1.6
Armour         | |  0.7
Dodging        | |  3.9

Action                     || total
---------------------------++-------
  Melee: Rapier            ||   101
         Bite              ||     8
         Punch             ||     2
   Stab: Sleeping          ||     1
 Armour: Leather armour    ||    71
  Dodge: Dodged            ||    72

Table legend: (Time is in decaauts)
 A = Elapsed time spent in this place.
 B = Non-inter-level travel time spent in this place.
 C = Inter-level travel time spent in this place.
 D = Time resting spent in this place.
 E = Time spent auto-exploring this place.
 F = Levels seen in this place.
 G = Mean time per level.
                   A        B        C        D        E       F      G
               +--------+--------+--------+--------+--------+-----+--------+
         Total |   1195 |   1112 |     83 |      0 |    748 |   2 |  597.5 |
       Dungeon |   1195 |   1112 |     83 |      0 |    748 |   2 |  597.5 |
               +--------+--------+--------+--------+--------+-----+--------+

Top non-repeatable levels by time:
     D:1: 1101 daAuts
     D:2: 94 daAuts
